 Dungeon Crawl Stone Soup version 0.27-b1-2-g8387495791 (webtiles) character file.

Game seed: 4584266808077667516

154 ZARRMARR the Chopper (level 5, -9/47 HPs)
             Began as a Hill Orc Abyssal Knight on July 25, 2021.
             Was a Believer of Lugonu.
             Killed by divine providence
             ... invoked by an orc priest
              (13 damage)
             ... on level 5 of the Dungeon.
             The game lasted 00:29:45 (4369 turns).

ZARRMARR the Chopper (Hill Orc Abyssal Knight)      Turns: 4369, Time: 00:29:45

Health: -9/47      AC:  9    Str: 16    XL:     5   Next: 35%
Magic:  6/6        EV:  9    Int: 12    God:    Lugonu [**....]
Gold:   157        SH:  0    Dex: 10    Spells: 4/4 levels left

rFire    . . .     SeeInvis .   a - +1 hand axe
rCold    . . .     Faith    .   (no shield)
rNeg     . . .     Spirit   .   e - +0 scale mail
rPois    .         Reflect  .   (no helmet)
rElec    .         Harm     .   (no cloak)
rCorr    .         Rampage  .   (no gloves)
Will     .....                  r - +2 pair of boots
Stlth    ..........             (no amulet)
HPRegen  0.15/turn              (no ring)
MPRegen  0.10/turn              (no ring)

@: no status effects
A: no striking features
a: Renounce Religion, Convert to Beogh, Depart the Abyss, Bend Space


You were on level 5 of the Dungeon.
You worshipped Lugonu.
Lugonu was pleased with you.
You visited 1 branch of the dungeon, and saw 5 of its levels.
You visited the Abyss 1 time.

You collected 157 gold pieces.

Inventory:

Hand Weapons
 a - a +1 hand axe (weapon)
 l - a +5 short sword
 q - a +2 whip of venom
 u - a +1 dagger of protection
Missiles
 b - 93 stones (quivered)
Armour
 e - a +0 scale mail (worn)
 p - a +0 pair of gloves
 r - a +2 pair of boots (worn)
Jewellery
 i - a ring of magical power
Scrolls
 c - a scroll of silence
 h - a scroll of immolation
 k - 2 scrolls of enchant armour
 s - a scroll of holy word {unknown}
 t - 3 scrolls of enchant weapon {unknown}
 v - a scroll of amnesia
 w - a scroll of fog {unknown}
Potions
 d - 5 potions of attraction
 f - 2 potions of might {unknown}
 g - a potion of mutation {unknown}
 j - 3 potions of brilliance
 m - a potion of degeneration {unknown}
 n - 3 potions of curing {unknown}
 o - 2 potions of resistance {unknown}


   Skills:
 + Level 4.3 Fighting
 + Level 4.7 Axes
 + Level 1.6 Throwing
 + Level 3.1 Armour
 + Level 1.3 Dodging
 + Level 2.6 Invocations


You had 4 spell levels left.
You didn't know any spells.
Your spell library contained the following spells:

 Spells                   Type           Power      Damage    Failure   Level
 Passwall                 Tmut/Erth      0%         N/A       87%         2
 Sublimation of Blood     Necr           0%         N/A       87%         2
 Swiftness                Air            0%         N/A       98%         3
 Petrify                  Tmut/Erth      0%         N/A       100%        4
 Irradiate                Conj/Tmut      0%         3d14      100%        5
 Invisibility             Hex            0%         N/A       100%        6


Dungeon Overview and Level Annotations

Branches:
Dungeon (5/15)             Temple (0/1) D:4

Altars:
Uskayaw
Xom

Shops:
D:2 (


Message History

A magic dart appears from out of thin air!
The magic dart hits you.
You closely miss something. Something hits you but does no damage.
You barely miss something. Something hits you.
You closely miss something. Something hits you but does no damage.
The orc priest looks braver for a moment.
You hit something but do no damage. Something hits you but does no damage.
The orc priest calls down the wrath of Beogh upon you.
Something writhes in agony.
Reactivating autopickup.
You feel a bit more experienced. The orc hits you but does no damage.
The orc priest casts a cantrip, but nothing happens.
You slash the orc!
You kill the orc!
Lugonu accepts your kill.
You closely miss the orc. The orc hits you with a +0 club.
You closely miss the orc.
The orc priest invokes the aid of Beogh against you.
Beogh smites you!
* * * LOW HITPOINT WARNING * * *
The orc hits you with a +0 club.
* * * LOW HITPOINT WARNING * * *
Space bends around you!
You blink.
You barely miss the orc. The orc hits you but does no damage.
You closely miss the orc. The orc hits you but does no damage.
You slash the orc!
You kill the orc!
Lugonu accepts your kill.
You barely miss the orc. The orc hits you with a +0 mace.
* * * LOW HITPOINT WARNING * * *
You barely miss the orc. The orc closely misses you.
The orc hits you with a +0 mace.
* * * LOW HITPOINT WARNING * * *
You barely miss the orc. The orc hits you with a +0 mace.
* * * LOW HITPOINT WARNING * * *
The orc priest looks satisfied for a moment.
The orc priest mumbles some strange prayers to Beogh against you.
Beogh smites you!
You die...

########
#......################
#.####.)..o..o.@......###.#
#.# ###############..>...#
#o# #..##### #o.
#######..######### #.##
.................## #.#
.######...####..... #.#
................. #.#
#####...######.## #.$
......## #.<)


You could see an orc priest and an orc.

Vanquished Creatures
  2 adders (D:3)
  An adder skeleton (D:4)
  A worm (D:4)
  A dart slug (D:4)
  13 orcs
  3 bats
  6 endoplasms
  2 giant cockroaches
  9 goblins
  5 hobgoblins
  20 jackals
  2 quokkas
  3 ball pythons
  A frilled lizard (D:1)
  5 kobolds
  4 rats
78 creatures vanquished.

Vanquished Creatures (others)
  An orc wizard (D:5)
1 creature vanquished.

Grand Total: 79 creatures vanquished

Notes
Turn   | Place    | Note
-------+----------+-------------------------------------------
     0 | Abyss:1  | ZARRMARR the Hill Orc Abyssal Knight began the quest for
                  | the Orb.
     0 | Abyss:1  | Reached XP level 1. HP: 19/19 MP: 2/2
   109 | Abyss:1  | Noticed a small abomination
   110 | D:1      | Escaped the Abyss
   713 | D:1      | Reached XP level 2. HP: 26/27 MP: 3/3
   882 | D:1      | Reached * piety under Lugonu
  1332 | D:1      | Found a faded altar of an unknown god.
  1435 | D:2      | Reached XP level 3. HP: 33/33 MP: 4/4
  1557 | D:2      | Found Dufine's Weapon Shop.
  1624 | D:2      | Found a shimmering altar of Xom.
  2271 | D:3      | Reached skill level 1 in Dodging
  2485 | D:3      | Found a hide-covered altar of Uskayaw.
  2506 | D:3      | Reached ** piety under Lugonu
  2668 | D:3      | Reached XP level 4. HP: 40/40 MP: 5/5
  3327 | D:4      | Found a staircase to the Ecumenical Temple.
  3846 | D:4      | Reached skill level 1 in Throwing
  3962 | D:4      | Reached XP level 5. HP: 45/46 MP: 6/6
  4266 | D:5      | Entered Level 5 of the Dungeon
  4369 | D:5      | Killed from afar by an orc priest

Illustrated notes

Levels and vault maps discovered:
D:1:      ncdulo_lavacross, layout_basic, shapermc_ecumenical_altar_pompeii
D:2:      layout_loops_ring, basic_altar, serial_shops, shop
D:3:      layout_rooms, eat_drink_and_be_merry_uskayaw
D:4:      kennysheep_the_goblin_king, layout_rooms, minmay_temple_entry_wispy
D:5:      layout_loops_ring, doesnt_xom_only_xom, minmay_ruined_shrine,
          uniq_prince_ribbit1, uniq_grinder

Skill      XL: |  1  2  3  4 |
---------------+-------------+-----
Axes           | 3 4 |  4.7
Fighting       | 4 |  4.3
Dodging        | 1 |  1.3
Armour         | 3 |  3.1
Throwing       | 1 |  1.6
Invocations    | |  2.6

Action                   |  1- 3 |  4- 6 || total
-------------------------+-------+-------++-------
Melee: Hand axe          |   142 |   146 ||   288
Throw: Stone             |    49 |    49 ||    98
Invok: Depart the Abyss  |     1 |       ||     1
       Bend Space        |       |     1 ||     1
  Use: Scroll            |     7 |       ||     7
Armor: Scale mail        |    82 |    65 ||   147
       Leather armour    |     1 |       ||     1
Dodge: Dodged            |    90 |    51 ||   141
